 Dungeon Crawl Stone Soup version 0.26-a0-774-g1415c89e12 (webtiles) character file.

Game seed: 9606356405786056888

496 Kinoniko the Chopper (level 6, -2/56 HPs)
             Began as a Draconian Monk on Nov 9, 2020.
             Was a Believer of Cheibriados.
             Slain by an ogre
             ... wielding a +0 giant club
              (24 damage)
             ... on level 4 of the Dungeon.
             The game lasted 00:03:57 (3983 turns).

Kinoniko the Chopper (Draconian Monk)               Turns: 3983, Time: 00:03:59

Health: -2/56      AC:  6    Str: 19    XL:     6   Next: 93%
Magic:  5/5        EV: 15    Int: 14    God:    Cheibriados [**....]
Gold:   214        SH:  0    Dex: 18    Spells: 5/5 levels left

rFire    . . .     SeeInvis .   i - +0 war axe
rCold    . . .     Faith    .   (no shield)
rNeg     . . .     Spirit   .   (armour unavailable)
rPois    .         Reflect  .   (helmet restricted)
rElec    .         Harm     .   (no cloak)
rCorr    .         Rampage  .   (no gloves)
MR       .....                  (no boots)
Stlth    ++........             (no amulet)
HPRegen  0.18/turn              (no ring)
MPRegen  0.09/turn              (no ring)

@: very slow
A: unfitting armour, stinger 1, low mp 1, mutation resistance 1, cold-blooded,
AC +6
a: Bend Time, Renounce Religion


You were on level 4 of the Dungeon.
You worshipped Cheibriados.
Cheibriados was pleased with you.
You visited 2 branches of the dungeon, and saw 5 of its levels.

You collected 214 gold pieces.

Inventory:

Hand Weapons
 a - a +0 hand axe
 b - a +4 hand axe
 i - a +0 war axe (weapon)
Scrolls
 c - 6 scrolls of identify {unknown}
 d - 2 scrolls of teleportation {unknown}
 j - 2 scrolls of enchant armour {unknown}
 k - a scroll of fog {unknown}
 l - 2 scrolls of remove curse {unknown}
 n - a scroll of blinking {unknown}
Potions
 e - a potion of resistance
 f - 2 potions of curing
 g - a potion of attraction
 h - a potion of mutation


   Skills:
 + Level 5.1 Fighting
 * Level 6.0 Axes
 + Level 4.2 Dodging
 - Level 1.7 Stealth


You had 5 spell levels left.
You didn't know any spells.
Your spell library was empty.

Dungeon Overview and Level Annotations

Branches:
Dungeon (4/15)             Temple (1/1) D:4

Altars:
Cheibriados
Fedhas
Hepliaklqana
Kikubaaqudgha
Ru
Sif Muna
Uskayaw
Vehumet
Wu Jian
Zin


Innate Abilities, Weirdness & Mutations

Your plain brown scales are hard. (AC +6)
You cannot fit into any form of body armour.
You are cold-blooded and may be slowed by cold attacks.
Your tail ends in a poisonous barb.
Your magical capacity is low. (-10% MP)
You are somewhat resistant to further mutation.


Message History

No target in view!
No target in view!
No target in view!
No target in view!
You now have 214 gold pieces (gained 10).
You open the door.
There is an open door here.
An ogre comes into view. It is wielding a +0 giant club.
An ogre is nearby!
You completely miss the ogre. You tail-slap the ogre.
The ogre is poisoned.
The ogre is lightly wounded.
The ogre hits you with a +0 giant club!!
Ouch! That really hurt!
You are too injured to fight recklessly!
You are too injured to fight recklessly!
You slash the ogre!
You tail-slap the ogre, but do no damage.
The ogre is heavily wounded.
The ogre hits you with a +0 giant club!!
You die...

#...#...#..## .#
#.....#....## #.#
##.>.#####..###.####
.#.....#......(.....#
#...#...#.......=...#
...###..............#
..#.#.#..##.........##
....#...###..........#
....#...# #.....@O...#
........###..........#
........'........###.#
........########## ..
........# .. ........#
........# ........#
........#


You could see an ogre (poisoned).

Vanquished Creatures
  Grinder (D:4)
  A vampire bat (D:3)
  A hound (D:4)
  An orc wizard (D:3)
  2 adders
  2 worms
  2 dart slugs (D:1)
  3 fire bats (D:3)
  2 leopard geckos
  6 orcs (D:3)
  2 spectral bats (D:3)
  3 bat skeletons (D:3)
  A bat zombie (D:3)
  3 giant cockroaches
  9 goblins
  10 hobgoblins
  15 jackals
  10 kobolds
  3 quokkas (D:2)
  A ball python (D:3)
  17 bats
  A bat simulacrum (D:3)
  4 frilled lizards
  A leopard gecko skeleton (D:4)
  9 rats
110 creatures vanquished.

Notes
Turn   | Place    | Note
-------+----------+-------------------------------------------
     0 | D:1      | Kinoniko the Draconian Monk began the quest for the Orb.
     0 | D:1      | Reached XP level 1. HP: 19/19 MP: 1/1
   239 | D:1      | Reached XP level 2. HP: 25/26 MP: 2/2
  1123 | D:2      | Reached XP level 3. HP: 31/31 MP: 3/3
  1675 | D:2      | Reached skill level 4 in Axes
  1886 | D:2      | Reached XP level 4. HP: 27/40 MP: 4/4
  2959 | D:3      | Reached XP level 5. HP: 35/46 MP: 5/5
  3106 | D:3      | Reached skill level 5 in Axes
  3209 | D:3      | Reached XP level 6. HP: 51/53 MP: 6/6
  3513 | D:4      | Noticed Grinder
  3518 | D:4      | Gained mutation: Your tail ends in a poisonous barb.
                  | [potion of mutation]
  3518 | D:4      | Gained mutation: Your magical capacity is low. (-10% MP)
                  | [potion of mutation]
  3518 | D:4      | Gained mutation: You are somewhat resistant to further
                  | mutation. [potion of mutation]
  3534 | D:4      | Paralysed by Grinder for 7 turns
  3541 | D:4      | Killed Grinder
  3541 | D:4      | Reached skill level 5 in Fighting
  3541 | D:4      | Reached skill level 6 in Axes
  3795 | D:4      | Found a staircase to the Ecumenical Temple.
  3808 | Temple   | Entered the Ecumenical Temple
  3937 | Temple   | Became a worshipper of Cheibriados the Contemplative
  3937 | Temple   | Reached * piety under Cheibriados
  3937 | Temple   | Reached ** piety under Cheibriados
  3983 | D:4      | Slain by an ogre

Illustrated notes

Levels and vault maps discovered:
D:1:      psy_arrival_whirlpool, layout_basic, serial_corexii_hall,
          corexii_hall_statues_i, chequers_hall_statues_y
D:2:      layout_rooms
D:3:      layout_loops_ring, goddamned_bats
D:4:      layout_basic, bloody_trog, grunt_dithmenos_shadows,
          minmay_temple_entry_arrows, uniq_grinder
Temple:   eino_temple_lava

Skill      XL: |  1  2  3  4  5  6 |
---------------+-------------------+-----
Dodging        | 3 4 |  4.2
Axes           | 4 5 6 |  6.0
Fighting       | 4 5 |  5.1
Stealth        | |  1.7

Action                   |  1- 3 |  4- 6 || total
-------------------------+-------+-------++-------
Melee: Hand axe          |   155 |   187 ||   342
       Tailslap          |    13 |    19 ||    32
       War axe           |       |     3 ||     3
  Use: Potion            |       |    10 ||    10
 Stab: Sleeping          |     4 |     2 ||     6
Armor: Skin              |    42 |    68 ||   110
Dodge: Dodged            |   104 |   182 ||   286

Table legend: (Time is in decaauts)
 A = Elapsed time spent in this place.
 B = Non-inter-level travel time spent in this place.
 C = Inter-level travel time spent in this place.
 D = Time resting spent in this place.
 E = Time spent auto-exploring this place.
 F = Levels seen in this place.
 G = Mean time per level.
                   A        B        C        D        E       F      G
               +--------+--------+--------+--------+--------+-----+--------+
         Total |   4033 |   3966 |     67 |    820 |   2359 |   5 |  806.6 |
       Dungeon |   3885 |   3818 |     67 |    820 |   2289 |   4 |  971.2 |
        Temple |    148 |    148 |      0 |      0 |     70 |   1 |  148.0 |
               +--------+--------+--------+--------+--------+-----+--------+

Top non-repeatable levels by time:
     D:3: 1338 daAuts
     D:1: 1132 daAuts
     D:2: 1008 daAuts
     D:4: 405 daAuts
  Temple: 148 daAuts
